[Event "Team 45 45 League T43"]
[Site "Internet Chess Club"]
[Date "2009.11.20"]
[Round "4"]
[White "TimM"]
[Black "spacecadet"]
[Result "1-0"]
[WhiteElo "2269"]
[BlackElo "2113"]
[Opening "Sicilian: Pelikan (Lasker/Sveshnikov) variation"]
[ECO "B33"]
[Time "20:26:22"]
[TimeControl "2700+45"]

1. e4 c5 2. Nf3 Nc6 3. d4 cxd4 4. Nxd4 Nf6 5. Nc3 e5 6. Ndb5 d6 7. a4 a6 8. Na3
Bg4 9. f3 Be6 10. Bg5 Be7 11. Bxf6 Bxf6 12. Bc4 O-O 13. Nd5 Bh4+ 14. g3 Bg5 15.
h4 Bh6 16. c3 Kh8 17. g4 Bxd5 18. Bxd5 Bf4 19. Nc4 Na5 20. Na3 Rc8 21. Qe2 Qb6
22. Kf1 Rc7 23. Kg2 Rfc8 24. Rhe1 g6 25. Qf2 Qxf2+ 26. Kxf2 b6 27. Nc2 Nc4 28.
Bxc4 Rxc4 29. Nb4 Rxb4 30. cxb4 Bd2 31. Re2 Bxb4 32. Rd1 a5 33. Ke3 Rc4 34. Kd3
Rd4+ 35. Kc2 Rc4+ 36. Kb3 Rc8 37. Rc2 Rd8 38. Rdc1 Bc5 39. Kc4 h6 40. Kd5 Kg7
41. Rf1 Re8 42. b3 Re7 43. Re2 Re8 44. Rh1 Re7 45. g5 h5 46. Rf1 Re8 47. Kc4 Re7
48. Kd3 Kg8 49. f4 exf4 50. Rxf4 Re5 51. Re1 Kg7 52. Ref1 Re7 53. Kc4 Kg8 54.
R1f3 Kg7 55. Rd3 Rc7 56. Kb5 Re7 57. Kc6 Kg8 58. Rd5 Kf8 59. Rxd6 Bxd6 60. Kxd6
Re6+ 61. Kd5 Ke8 62. e5 Ke7 63. Rf3 Ke8 64. Rf4 Ke7 65. Rf6 Rxf6 66. gxf6+ Kd7
67. e6+ Ke8 68. e7 Kd7 69. Ke5 Ke8 70. Kd6 g5 71. hxg5 h4 72. g6 fxg6 73. Ke6 h3
74. f7# {Black checkmated} 1-0

[Event "Team 45 45 League T43"]
[Site "Internet Chess Club"]
[Date "2009.11.19"]
[Round "4"]
[White "nardz"]
[Black "Oops"]
[Result "1-0"]
[WhiteElo "2081"]
[BlackElo "2074"]
[Opening "QGD semi-Slav"]
[ECO "D43"]
[Time "18:03:13"]
[TimeControl "2700+45"]

1. d4 d5 2. c4 c6 3. Nf3 Nf6 4. Nc3 e6 5. cxd5 exd5 6. Bg5 Bf5 7. e3 Nbd7 8. Bd3
Bxd3 9. Qxd3 Be7 10. O-O O-O 11. a3 a5 12. Qc2 Re8 13. Rab1 Nb6 14. Nd2 a4 15.
Bxf6 Bxf6 16. b3 axb3 17. Qxb3 Ra6 18. a4 Qa8 19. a5 Nc8 20. Qxb7 Rxa5 21. Qxa8
Rxa8 22. Rfc1 Ne7 23. Nb3 h6 24. Nc5 Nf5 25. Rb6 Rec8 26. g3 Nd6 27. Nxd5 Bd8
28. Nd3 Ra5 29. Rbxc6 Rxc6 30. Rxc6 Rxd5 31. Nf4 {Black resigns} 1-0

[Event "Team 45 45 League T43"]
[Site "Internet Chess Club"]
[Date "2009.11.22"]
[Round "4"]
[White "DaMaGor"]
[Black "PaulKaspar"]
[Result "1-0"]
[WhiteElo "1985"]
[BlackElo "1881"]
[Opening "English opening"]
[ECO "A20"]
[Time "13:04:52"]
[TimeControl "2700+45"]

1. c4 e5 2. g3 c6 3. d4 e4 4. Nc3 d5 5. cxd5 cxd5 6. Qb3 Nf6 7. Nh3 Qb6 8. Qxb6
axb6 9. Bg5 Nbd7 10. Nf4 Bb4 11. Bh3 Bxc3+ 12. bxc3 h6 13. Bxd7+ Nxd7 14. Nxd5
Ra5 15. Nc7+ Kf8 16. Bd2 Nf6 17. O-O g5 18. Rfb1 Kg7 19. Rxb6 Rd8 20. a4 Nd5 21.
Nxd5 Raxd5 22. c4 R5d6 23. Rab1 Rxb6 24. Rxb6 Rd7 {Black resigns} 1-0

[Event "Team 45 45 League T43"]
[Site "Internet Chess Club"]
[Date "2009.11.21"]
[Round "4"]
[White "andretta"]
[Black "ElCreyente"]
[Result "1/2-1/2"]
[WhiteElo "2359"]
[BlackElo "2302"]
[Opening "King's Indian: fianchetto, classical variation, 8.e4"]
[ECO "E68"]
[Time "10:32:07"]
[TimeControl "2700+45"]

1. Nf3 Nf6 2. c4 g6 3. g3 Bg7 4. Bg2 O-O 5. d4 d6 6. O-O Nbd7 7. Nc3 e5 8. e4
exd4 9. Nxd4 Re8 10. h3 a6 11. Be3 Rb8 12. b3 c5 13. Nde2 Qc7 14. a4 b6 15. Qd2
Bb7 16. f3 Rbd8 17. Rad1 Ne5 18. g4 Bf8 19. g5 Nh5 20. f4 Nd7 21. f5 Ne5 22. f6
Bc6 23. Nf4 Nxf4 24. Bxf4 Qb7 25. Nd5 b5 26. axb5 axb5 27. Qc3 Rb8 {Game drawn
by mutual agreement} 1/2-1/2

[Event "Team 45 45 League T43"]
[Site "Internet Chess Club"]
[Date "2009.11.20"]
[Round "4"]
[White "Vaigpertu"]
[Black "playwaycool"]
[Result "1-0"]
[WhiteElo "2226"]
[BlackElo "2089"]
[Opening "QGD Slav"]
[ECO "D11"]
[Time "17:00:27"]
[TimeControl "2700+45"]

1. d4 d5 2. c4 c6 3. Nf3 Nf6 4. e3 e6 5. Nbd2 Bd6 6. Bd3 O-O 7. O-O Nbd7 8. e4
dxe4 9. Nxe4 Nxe4 10. Bxe4 h6 11. Bc2 c5 12. b3 cxd4 13. Qxd4 Bc5 14. Qc3 Qf6
15. Qd3 Rd8 16. Qh7+ Kf8 17. Rb1 Ne5 18. Nxe5 Qxe5 19. Bb2 Bd4 20. Rfd1 Ke7 21.
Ba3+ Kf6 22. Rd3 Bd7 23. Rf3+ Qf5 24. Bxf5 exf5 25. g4 Kg5 26. Be7+ Kxg4 27.
Rg3+ Kh5 28. Rg5+ Kh4 29. Rxg7+ Kh5 30. Rg5+ {Black resigns} 1-0

[Event "Team 45 45 League T43"]
[Site "Internet Chess Club"]
[Date "2009.11.23"]
[Round "4"]
[White "xakelari"]
[Black "trucazzo"]
[Result "0-1"]
[WhiteElo "2032"]
[BlackElo "2134"]
[Opening "Scandinavian: Pytel-Wade variation"]
[ECO "B01"]
[Time "16:02:23"]
[TimeControl "2700+45"]

1. e4 d5 2. exd5 Qxd5 3. Nc3 Qd6 4. d4 Nf6 5. Nf3 a6 6. g3 Bg4 7. h3 Bh5 8. Bg2
Nc6 9. O-O O-O-O 10. g4 Bg6 11. Be3 e6 12. a3 h5 13. g5 Nd5 14. Nxd5 exd5 15.
Nh4 Be7 16. Re1 Be4 17. f3 Bg6 18. Qd2 Kb8 19. Bf4 Qd7 20. Nxg6 fxg6 21. h4 Rhf8
22. c3 Qf5 23. Bg3 Bd6 24. Bxd6 Rxd6 25. Qe3 Na5 26. Qe5 Qf7 27. Qe7 Qf4 28. Qe5
Qxh4 29. Qxg7 Rfd8 30. Re7 Qxg5 31. b4 Nc4 32. Rxc7 Qe3+ 33. Kh1 Rb6 34. Qe7 Re8
35. Qxe3 Rxe3 36. Rd7 Rxc3 37. Rxd5 Rxa3 38. Rxa3 Nxa3 39. f4 Nc2 40. Be4 Nxb4
41. Rg5 Rf6 42. Bxg6 Rxf4 43. Rxh5 Rxd4 44. Rh7 a5 45. Be8 Ka7 46. Kg2 Ka6 47.
Kf3 Rd6 48. Rh5 Nd5 49. Rh1 b5 50. Rc1 Kb6 51. Bh5 a4 52. Kf2 Nf4 {White
resigns} 0-1

[Event "Team 45 45 League T43"]
[Site "Internet Chess Club"]
[Date "2009.11.20"]
[Round "4"]
[White "PopolVuh"]
[Black "RedAttack"]
[Result "0-1"]
[WhiteElo "1887"]
[BlackElo "1995"]
[Opening "QGD: Marshall defense"]
[ECO "D06"]
[Time "10:30:38"]
[TimeControl "2700+45"]

1. d4 d5 2. c4 Nf6 3. cxd5 Nxd5 4. Nf3 e6 5. e4 Nb6 6. Nc3 Be7 7. Bf4 O-O 8. Be2
Nc6 9. O-O f5 10. exf5 exf5 11. Qb3+ Kh8 12. d5 Nb4 13. Rfd1 a5 14. a4 Bd6 15.
Be3 Bd7 16. Bb5 Bxb5 17. axb5 Nd7 18. Rac1 Qe7 19. Re1 Nd3 20. Bd4 Nxc1 21. Rxe7
Nxb3 22. Bxg7+ Kg8 23. Rxd7 Rf7 24. Rxf7 Kxf7 25. Bh6 Nc5 26. Be3 a4 27. Nb1 Nd3
28. Bd4 Ra5 {White resigns} 0-1

[Event "Team 45 45 League T43"]
[Site "Internet Chess Club"]
[Date "2009.11.23"]
[Round "4"]
[White "mdennis92"]
[Black "Telos"]
[Result "1-0"]
[WhiteElo "2191"]
[BlackElo "2404"]
[Opening "French: exchange variation"]
[ECO "C01"]
[Time "17:00:15"]
[TimeControl "2700+45"]

1. e4 e6 2. d4 d5 3. exd5 exd5 4. c4 Nf6 5. Nc3 c6 6. Bg5 Be7 7. Nf3 O-O 8. Bd3
Be6 9. cxd5 Nxd5 10. Bxe7 Qxe7 11. O-O Nd7 12. Re1 Qf6 13. Ne4 Qh6 14. Neg5 N7f6
15. Nxe6 fxe6 16. Rxe6 Nf4 17. Re7 Ng4 18. Rxb7 Rae8 19. Bf1 Qg6 20. g3 Ne6 21.
Bg2 Qf6 22. Qb3 Kh8 23. Rf1 Nxd4 24. Nxd4 Qxd4 25. Qb4 Qxb4 26. Rxb4 h5 27. Bxc6
Re2 28. f3 Ne3 29. Re4 Rd8 30. Rc1 Rdd2 31. Re8+ Kh7 32. f4 Nf5 33. Rxe2 Rxe2
34. Rc5 g6 35. Ra5 Nd4 36. Rxa7+ Kh6 37. Ra6 h4 38. b4 h3 39. Bd5 Re1+ 40. Kf2
Re2+ 41. Kf1 Rxh2 42. Be4 Nc2 43. Rxg6+ Kh5 44. f5 Ne3+ 45. Kg1 {Black forfeits
on time} 1-0

[Event "Team 45 45 League T43"]
[Site "Internet Chess Club"]
[Date "2009.11.22"]
[Round "4"]
[White "goala"]
[Black "kingcapture"]
[Result "0-1"]
[WhiteElo "2134"]
[BlackElo "2328"]
[Opening "Sicilian: dragon, Yugoslav attack, 10.O-O-O"]
[ECO "B78"]
[Time "18:00:13"]
[TimeControl "2700+45"]

1. e4 c5 2. Nf3 d6 3. d4 cxd4 4. Nxd4 Nf6 5. Nc3 g6 6. Be3 Bg7 7. f3 O-O 8. Qd2
Nc6 9. Bc4 Bd7 10. O-O-O Rc8 11. Bb3 Ne5 12. h4 h5 13. g4 hxg4 14. h5 Nxh5 15.
Rdg1 Qa5 16. Bh6 Rxc3 17. bxc3 Bxh6 18. Qxh6 Qxc3 19. Kb1 Qxd4 20. fxg4 Bxg4 21.
Rxg4 Nxg4 22. Qxg6+ Qg7 23. Qxh5 Ne5 24. Qh2 Rd8 25. Rg1 Ng6 26. Qh5 e6 27. Bxe6
Kf8 28. Bf5 Qd4 29. Qg5 Qb4+ 30. Kc1 Qa3+ 31. Kd1 Qf3+ 32. Kc1 Qa3+ 33. Kd1 Qf3+
34. Ke1 Qc3+ 35. Kd1 Qd4+ 36. Kc1 Qa1+ 37. Kd2 Qd4+ 38. Kc1 Ne7 39. Rg3 d5 40.
Rd3 Qg7 41. Qh4 Rd6 42. Bg4 Rh6 43. Qg3 Qg5+ 44. Kd1 Rh4 45. Qb8+ Kg7 46. Bh3
Rxh3 47. Rxh3 Qg1+ 48. Kd2 Qg2+ 49. Kc1 Qxh3 50. Qe5+ Kf8 51. exd5 Qh1+ 52. Kb2
Qxd5 53. Qb8+ Kg7 54. Qxa7 f5 55. Qg1+ Ng6 56. Qb6 f4 57. c4 Qe4 58. a4 f3 59.
Qc7+ Qe7 {White resigns} 0-1

[Event "Team 45 45 League T43"]
[Site "Internet Chess Club"]
[Date "2009.11.22"]
[Round "4"]
[White "MeanMrMustard"]
[Black "Jack-ONeill"]
[Result "1/2-1/2"]
[WhiteElo "1927"]
[BlackElo "2018"]
[Opening "French: Tarrasch, open variation"]
[ECO "C07"]
[Time "12:03:26"]
[TimeControl "2700+45"]

1. e4 e6 2. d4 d5 3. Nd2 c5 4. Ngf3 Nc6 5. Bb5 cxd4 6. Nxd4 Bd7 7. Nxc6 Bxc6 8.
Bxc6+ bxc6 9. c4 dxe4 10. Nxe4 Qxd1+ 11. Kxd1 Be7 12. Bd2 Nf6 13. Nxf6+ Bxf6 14.
Kc2 O-O-O {Game drawn by mutual agreement} 1/2-1/2

[Event "Team 45 45 League T43"]
[Site "Internet Chess Club"]
[Date "2009.11.20"]
[Round "4"]
[White "PandorasBox"]
[Black "Aguiar94"]
[Result "0-1"]
[WhiteElo "2081"]
[BlackElo "2274"]
[Opening "Blackmar-Diemer gambit"]
[ECO "D00"]
[Time "17:10:58"]
[TimeControl "2700+45"]

1. d4 Nf6 2. Nc3 d5 3. e4 Nxe4 4. Nxe4 dxe4 5. Bc4 g6 6. f3 Bg7 7. c3 c5 8. Qb3
O-O 9. dxc5 exf3 10. Nxf3 Nc6 11. Qa3 e5 12. Bg5 Qc7 13. O-O e4 14. Nd2 Ne5 15.
Bd5 h6 16. Bf6 Ng4 17. Bxg7 Qxh2# {White checkmated} 0-1

[Event "Team 45 45 League T43"]
[Site "Internet Chess Club"]
[Date "2009.11.19"]
[Round "4"]
[White "adh2050"]
[Black "jonesey"]
[Result "1-0"]
[WhiteElo "2074"]
[BlackElo "1993"]
[Opening "Alekhine's defense: Maróczy variation"]
[ECO "B02"]
[Time "13:32:32"]
[TimeControl "2700+45"]

1. e4 Nf6 2. d3 d5 3. Nd2 e5 4. Ngf3 dxe4 5. dxe4 Bc5 6. h3 Bxf2+ 7. Kxf2 Nxe4+
8. Nxe4 Qxd1 9. Bb5+ Qd7 10. Bxd7+ Nxd7 11. g4 O-O 12. g5 f5 13. gxf6 gxf6 14.
Bh6 Rf7 15. Rhg1+ Kh8 16. Rad1 b6 17. Nh4 Bb7 18. Ng3 Nc5 19. Nh5 Ne6 20. Nf5
Be4 21. Nfg7 Nf8 22. Rd2 Bg6 23. Rgd1 Bxh5 24. Nxh5 Ne6 25. Rd7 Kg8 26. h4 Nf8
27. Rd8 Rxd8 28. Rxd8 f5 29. Kf3 f4 30. Rxf8+ {Black resigns} 1-0

[Event "Team 45 45 League T43"]
[Site "Internet Chess Club"]
[Date "2009.11.22"]
[Round "4"]
[White "Legal"]
[Black "AMAV"]
[Result "1/2-1/2"]
[WhiteElo "2044"]
[BlackElo "2082"]
[Opening "Queen's pawn game"]
[ECO "D02"]
[Time "12:29:05"]
[TimeControl "2700+45"]

1. d4 d5 2. Nf3 e6 3. Bf4 Nf6 4. e3 Be7 5. h3 O-O 6. Bd3 b6 7. Qe2 Bb7 8. O-O c5
9. c3 Nbd7 10. Nbd2 Ne4 11. Ne5 Nxe5 12. Bxe5 Nxd2 13. Qxd2 Bd6 14. f4 f6 15.
Bxd6 Qxd6 16. Qf2 e5 17. Qh4 e4 18. Be2 cxd4 19. cxd4 Qb4 20. b3 Qd2 21. Qf2
Rac8 22. Bb5 Qxf2+ 23. Rxf2 Rc3 24. Re1 Rfc8 25. g4 Kf7 26. h4 a6 27. Bf1 a5 28.
g5 Rc1 29. Rxc1 Rxc1 30. Kg2 Rc3 31. Re2 Ba6 32. Re1 Rc2+ 33. Kg1 Bxf1 34. Kxf1
fxg5 35. hxg5 Rxa2 36. Rc1 Rb2 37. f5 Rxb3 38. Rc7+ Kf8 39. Kf2 a4 40. Rc8+ Kf7
41. Rc7+ Ke8 42. Rxg7 a3 43. Rxh7 Rb5 44. f6 a2 45. Rh8+ Kf7 46. Rh7+ Ke6 47.
Re7+ Kd6 48. Ra7 Ra5 49. f7 Rxa7 50. f8=Q+ Kc6 51. Qe8+ Kb7 52. Qd7+ Ka6 53.
Qa4+ Kb7 54. Qd7+ Ka6 55. Qa4+ Kb7 56. Qd7+ {Game drawn by repetition} 1/2-1/2

[Event "Team 45 45 League T43"]
[Site "Internet Chess Club"]
[Date "2009.11.22"]
[Round "4"]
[White "f5"]
[Black "easycure"]
[Result "0-1"]
[WhiteElo "2158"]
[BlackElo "2394"]
[Opening "Ruy Lopez: Worrall attack, sharp line"]
[ECO "C86"]
[Time "18:34:27"]
[TimeControl "2700+45"]

1. e4 e5 2. Nf3 Nc6 3. Bb5 a6 4. Ba4 Nf6 5. O-O Be7 6. Qe2 b5 7. Bb3 O-O 8. Rd1
d6 9. c3 Na5 10. Bc2 c5 11. d3 Re8 12. a4 b4 13. Nbd2 Qc7 14. h3 Bf8 15. Nf1 b3
16. Bb1 Bb7 17. Ng3 g6 18. Bg5 Bg7 19. Nh2 d5 20. exd5 Nxd5 21. Ne4 f5 22. Nd2
h6 {White resigns} 0-1

[Event "Team 45 45 League T43"]
[Site "Internet Chess Club"]
[Date "2009.11.22"]
[Round "4"]
[White "jorobo"]
[Black "chiiwen"]
[Result "1-0"]
[WhiteElo "2186"]
[BlackElo "2082"]
[Opening "Dutch: Leningrad, main variation"]
[ECO "A87"]
[Time "11:18:48"]
[TimeControl "2700+45"]

1. c4 f5 2. d4 Nf6 3. g3 g6 4. Bg2 Bg7 5. Nf3 d6 6. O-O O-O 7. Nc3 Qe8 8. d5 Na6
9. Rb1 Bd7 10. b4 c6 11. dxc6 Bxc6 12. b5 Bxf3 13. Bxf3 Nc5 14. Bg5 h6 15. Bxf6
Bxf6 16. Nd5 Qd7 17. Nxf6+ Rxf6 18. e3 Kg7 19. Rb2 Qc7 20. Rd2 Rc8 21. Qc2 Nd7
22. Rc1 Qb6 23. Qb2 Rc5 24. Rd5 Rxd5 25. Bxd5 Nc5 26. Qc2 Rf8 27. h4 h5 28. Kg2
e6 29. Bf3 Qc7 30. Qd2 e5 31. Rd1 e4 32. Be2 Rf6 33. Qd4 b6 34. Rf1 Qe7 35. Rd1
Ne6 36. Qd5 Nd8 37. Qd4 Nf7 38. a4 Qe5 39. a5 Qxd4 40. exd4 Re6 41. axb6 axb6
42. Ra1 Re7 43. Ra8 Rb7 44. Kf1 Kf6 45. Ke1 Ke7 46. Rg8 Kf6 47. Ra8 Ke7 48. Kd2
Nd8 49. Kc3 Rc7 50. Ra6 Rb7 51. Ra8 Rc7 52. Ra6 Rb7 53. Bd1 Ne6 54. Bb3 Nc7 55.
Ra2 d5 56. cxd5 Nxb5+ 57. Kc4 Nd6+ 58. Kb4 Kd7 59. Ra8 Nc8 60. Ba4+ b5 61. Bxb5+
Kc7 62. Kc5 e3 63. fxe3 Nd6 64. Bd3 Rb3 65. Ra7+ Nb7+ 66. Kc4 Rb6 67. e4 Kb8 68.
Rxb7+ Rxb7 69. e5 Rc7+ 70. Kb4 Rc1 71. d6 Re1 72. Bc4 Kc8 73. Be6+ Kd8 74. Bf7
Re4 75. Kc5 f4 76. gxf4 Rxf4 77. Bxg6 Kd7 78. Kd5 {Black resigns} 1-0

[Event "Team 45 45 League T43"]
[Site "Internet Chess Club"]
[Date "2009.11.22"]
[Round "4"]
[White "perikitosax"]
[Black "Ser-Enigma"]
[Result "0-1"]
[WhiteElo "1979"]
[BlackElo "2128"]
[Opening "QGA: classical, 6...a6"]
[ECO "D27"]
[Time "14:03:08"]
[TimeControl "2700+45"]

1. d4 Nf6 2. Nf3 d5 3. c4 dxc4 4. e3 e6 5. Bxc4 a6 6. O-O c5 7. Bb3 Nc6 8. Nc3
cxd4 9. exd4 Be7 10. Bg5 O-O 11. Qd2 Na5 12. Bc2 b5 13. d5 b4 14. Qd3 g6 15. d6
Qxd6 16. Qxd6 Bxd6 17. Bxf6 bxc3 18. Bxc3 Nc4 19. Rad1 Be7 20. Ne5 Nxe5 21. Bxe5
Ra7 22. Ba4 f6 23. Bc3 e5 24. Bb3+ Kg7 25. Rd2 Bf5 26. Rfd1 a5 27. a3 a4 28. Bc2
Bxc2 29. Rxc2 Rc8 30. Rcd2 Bxa3 31. Rd7+ Rxd7 32. Rxd7+ Kg8 33. Ra7 Bb4 34. Rxa4
Bxc3 35. bxc3 Rxc3 36. g3 Rc1+ 37. Kg2 h5 38. h4 Kf7 39. Ra6 Rd1 40. Rb6 e4 41.
Ra6 Rd2 42. Kf1 Ke7 43. Ra4 f5 44. Ra6 Rd6 45. Ra7+ Kf6 46. Ke2 g5 47. hxg5+
Kxg5 48. Ra5 Rd3 49. Ra8 Kg4 50. Rg8+ Kh3 51. Rh8 Kg2 52. Rxh5 Rf3 53. Rg5 Rxf2+
54. Ke1 e3 55. Rg7 Kf3 56. Rg5 Ke4 57. Rg8 Rg2 58. Kf1 Kf3 {White resigns} 0-1

[Event "Team 45 45 League T43"]
[Site "Internet Chess Club"]
[Date "2009.11.20"]
[Round "4"]
[White "gaibo4ever"]
[Black "TerryMalloy"]
[Result "1/2-1/2"]
[WhiteElo "2116"]
[BlackElo "2054"]
[Opening "KGA: Fischer defense"]
[ECO "C34"]
[Time "17:00:43"]
[TimeControl "2700+45"]

1. e4 e5 2. f4 exf4 3. Nf3 d6 4. h4 Nf6 5. Nc3 Be7 6. d4 Nh5 7. Be2 O-O 8. O-O
Bg4 9. Ng5 Bxe2 10. Nxe2 h6 11. Nh3 Bxh4 12. Nhxf4 Nxf4 13. Nxf4 Nc6 14. Rf3 Qe7
15. Rh3 Rae8 16. Qh5 Bg5 17. e5 dxe5 18. Nd5 Qd8 19. Nxc7 Qxd4+ 20. Kh1 Bxc1 21.
Nxe8 Bg5 22. Rf1 f6 23. Nc7 a6 24. Rd3 Qc4 25. b3 Qh4+ {Game drawn by mutual
agreement} 1/2-1/2

[Event "Team 45 45 League T43"]
[Site "Internet Chess Club"]
[Date "2009.11.22"]
[Round "4"]
[White "Giacometti"]
[Black "Wheels"]
[Result "0-1"]
[WhiteElo "1772"]
[BlackElo "1993"]
[Opening "Bird's opening"]
[ECO "A02"]
[Time "21:02:10"]
[TimeControl "2700+45"]

1. f4 Nf6 2. d3 g6 3. e4 d5 4. e5 Nfd7 5. d4 Bg7 6. Nf3 O-O 7. Bd3 c5 8. c3 Nc6
9. Ng5 Qb6 10. e6 fxe6 11. Nxe6 Rf6 12. Nxg7 Kxg7 13. O-O cxd4 14. Kh1 Rf7 15.
f5 Nde5 16. fxg6 Rxf1+ 17. Qxf1 hxg6 18. Bc2 Bd7 19. Bb3 Qc5 20. Bd2 Rh8 21.
cxd4 Nxd4 22. Bc3 Ng4 23. h3 e5 24. Nd2 Nf5 25. Qe1 d4 26. Ne4 Qc6 27. Bd2 Nfe3
28. Nf2 {White resigns} 0-1

[Event "Team 45 45 League T43"]
[Site "Internet Chess Club"]
[Date "2009.11.22"]
[Round "4"]
[White "Portola"]
[Black "DanMcClintic"]
[Result "1-0"]
[WhiteElo "1855"]
[BlackElo "1605"]
[Opening "Torre attack (Tartakower variation)"]
[ECO "D03"]
[Time "19:00:14"]
[TimeControl "2700+45"]

1. d4 d5 2. Nf3 Nf6 3. Bg5 Ne4 4. Bh4 c5 5. c3 Qb6 6. Qc1 Nc6 7. e3 f6 8. Be2
Bf5 9. O-O h5 10. h3 Rc8 11. dxc5 Nxc5 12. Rd1 e6 13. Nd4 Nxd4 14. cxd4 g5 15.
Bg3 g4 16. h4 Bd6 17. dxc5 Rxc5 18. Nc3 Bxg3 19. fxg3 Qd6 20. Kh2 Qe5 21. Qd2
O-O 22. Rac1 Rfc8 23. Bd3 d4 24. exd4 Qxd4 25. Bxf5 Qxd2 26. Bxe6+ {Black
resigns} 1-0

[Event "Team 45 45 League T43"]
[Site "Internet Chess Club"]
[Date "2009.11.22"]
[Round "4"]
[White "cobra2008"]
[Black "g8wrb"]
[Result "1-0"]
[WhiteElo "1661"]
[BlackElo "1425"]
[Opening "Alekhine's defense: modern, Larsen variation"]
[ECO "B04"]
[Time "11:00:53"]
[TimeControl "2700+45"]

1. e4 Nf6 2. e5 Nd5 3. d4 d6 4. Nf3 dxe5 5. dxe5 Bg4 6. Be2 Nc6 7. O-O e6 8. c4
Nb6 9. Qb3 Bc5 10. Rd1 Qc8 11. Be3 Bxe3 12. Qxe3 O-O 13. Qf4 Bxf3 14. Bxf3 Rd8
15. Nc3 Na5 16. c5 Nd7 17. Rd3 Nxc5 18. Rxd8+ Qxd8 19. Rd1 Nd7 20. Qd4 Nc6 21.
Bxc6 bxc6 22. Qxd7 Qxd7 23. Rxd7 Rc8 24. b3 Kf8 25. Na4 Ke8 26. Nc5 Kf8 27. Kf1
Ke8 28. Ke2 Kf8 29. Ke3 Ke8 30. f4 g6 31. g3 Kf8 32. Na6 Ke8 33. Rxc7 Rxc7 34.
Nxc7+ Kd8 35. Na6 Kc8 36. Kd4 Kb7 37. Nc5+ Kc7 38. Ne4 Kb6 39. Ng5 c5+ 40. Kc4
{Black resigns} 1-0

[Event "Team 45 45 League T43"]
[Site "Internet Chess Club"]
[Date "2009.11.19"]
[Round "4"]
[White "AtomicDog"]
[Black "badmove"]
[Result "0-1"]
[WhiteElo "1290"]
[BlackElo "1617"]
[Opening "Ruy Lopez: closed, Pilnik variation"]
[ECO "C87"]
[Time "15:00:19"]
[TimeControl "2700+45"]

1. e4 e5 2. Nf3 Nc6 3. Bb5 a6 4. Ba4 Nf6 5. O-O Be7 6. Re1 O-O 7. d3 b5 8. Bb3
d6 9. c3 Na5 10. Bc2 c5 11. Nbd2 Re8 12. Nf1 Bb7 13. Bg5 h6 14. Bh4 Qc7 15. h3
d5 16. Bxf6 Bxf6 17. N1h2 dxe4 18. dxe4 Rad8 19. Qe2 Bc6 20. Ng4 Qe7 21. Nxf6+
Qxf6 22. Bd3 c4 23. Bc2 Nb7 24. Qe3 Qe7 25. Rad1 f6 26. Nh4 Qc5 27. Qg3 Qe7 28.
Nf5 Qf8 29. Nxh6+ Kh7 30. Nf5 g5 31. Qg4 Bd7 32. Qh5+ Kg8 33. Qg6+ Kh8 34. Nh6
Re7 35. Nf5 Bxf5 36. Qxf5 Nd6 37. Qf3 Kg7 38. Rd5 Nb7 39. Rxd8 Qxd8 40. Rd1 Rd7
41. Rd5 Rd6 42. Rxd6 Qxd6 43. Qd1 Qxd1+ 44. Bxd1 Nc5 45. f3 Nd3 46. b3 cxb3 47.
axb3 Nc5 48. Kf2 a5 49. Ke3 a4 50. bxa4 bxa4 51. Kd2 Kg6 52. Kc1 Kh5 53. Kb2 Kh4
54. Ka3 Kg3 55. Bxa4 Kxg2 56. Kb4 Nb7 57. c4 Kxf3 58. Bc6 Nd8 59. Bd7 Kxe4 60.
c5 f5 61. Kb5 f4 62. Bc6+ Nxc6 63. Kxc6 f3 64. Kd7 f2 65. c6 f1=Q {White
resigns} 0-1

[Event "Team 45 45 League T43"]
[Site "Internet Chess Club"]
[Date "2009.11.25"]
[Round "4"]
[White "cknights"]
[Black "noblitz-oblige"]
[Result "0-1"]
[WhiteElo "1727"]
[BlackElo "1701"]
[Opening "Kevitz-Trajkovich defense"]
[ECO "A50"]
[Time "12:00:15"]
[TimeControl "2700+45"]

1. d4 Nf6 2. c4 Nc6 3. Nc3 e5 4. d5 Ne7 5. e4 Ng6 6. Nf3 Bc5 7. h3 d6 8. Bd3 O-O
9. O-O Nh5 10. b3 Nhf4 11. Bb2 Qf6 12. Qd2 Nxg2 13. Kxg2 Nf4+ 14. Kh2 Qh6 15. h4
Qh5 16. Ne2 Qxf3 17. Nxf4 exf4 18. Qc3 f6 19. e5 Qh3+ 20. Kg1 f3 21. Bxh7+ Kxh7
22. Qd3+ f5 23. Qxf3 Qxf3 24. Kh2 f4 25. e6 Rf5 26. Rae1 Rh5 27. e7 Rxh4+ 28.
Kg1 Qg3# {White checkmated} 0-1

[Event "Team 45 45 League T43"]
[Site "Internet Chess Club"]
[Date "2009.11.24"]
[Round "4"]
[White "RD1974"]
[Black "achessfool"]
[Result "1-0"]
[WhiteElo "1680"]
[BlackElo "1539"]
[Opening "French: King's Indian attack"]
[ECO "C00"]
[Time "18:30:06"]
[TimeControl "2700+45"]

1. e4 e6 2. d3 d5 3. Nd2 Nf6 4. Ngf3 dxe4 5. dxe4 Nc6 6. g3 e5 7. Bg2 Bc5 8. O-O
O-O 9. h3 a5 10. Re1 Qe7 11. Qe2 Rd8 12. Nc4 b5 13. Ncd2 Ba6 14. c3 b4 15. c4 a4
16. b3 axb3 17. Nxb3 Nd4 18. Nfxd4 Bxd4 19. Rb1 Bc3 20. Bd2 Bxd2 21. Nxd2 c5 22.
Nb3 Nd7 23. Bf1 Nf6 24. Qc2 Bb7 25. Bg2 Bc6 26. Rbd1 Nd7 27. Rd2 Nf8 28. Red1
Ne6 29. Rxd8+ Nxd8 30. Qb2 f6 31. Qd2 Ne6 32. Qd6 Qe8 33. Nxc5 Rd8 34. Qxe6+
Qxe6 35. Rxd8+ Qe8 36. Rxe8+ Bxe8 37. f3 Kf7 38. Na6 Ke6 39. Nxb4 Kd6 40. Bf1
Kc5 41. Nd5 Ba4 42. Kf2 Bc2 43. Ke3 Bb1 44. a4 Bc2 45. a5 Ba4 46. a6 Bc6 47. a7
Ba8 48. Nc7 Kb6 49. Nxa8+ Kxa7 50. Nc7 Kb6 51. Ne8 {Black resigns} 1-0

[Event "Team 45 45 League T43"]
[Site "Internet Chess Club"]
[Date "2009.11.21"]
[Round "4"]
[White "TheronUAL"]
[Black "OGO"]
[Result "1/2-1/2"]
[WhiteElo "1491"]
[BlackElo "1520"]
[Opening "Four knights: Italian variation"]
[ECO "C47"]
[Time "11:01:22"]
[TimeControl "2700+45"]

1. e4 e5 2. Nc3 Nf6 3. Nf3 Nc6 4. Bc4 Be7 5. d4 exd4 6. Nxd4 O-O 7. O-O a6 8.
Re1 Nxd4 9. Qxd4 b6 10. Nd5 c5 11. Nxe7+ Qxe7 12. Qd1 Bb7 13. Bd5 Nxd5 14. exd5
Qd6 15. c4 Rae8 16. b3 Qf6 17. Rb1 d6 18. Bb2 Qg6 19. Rc1 Re4 20. Rxe4 Qxe4 21.
Qe1 Re8 22. Qxe4 Rxe4 23. Kf1 Bc8 24. Rc3 Bf5 25. Re3 f6 26. Ke1 a5 27. Kd2 Kf7
28. h3 Rxe3 29. fxe3 Bd7 30. a4 g6 31. g4 f5 32. g5 f4 33. exf4 Bxh3 34. Bf6 Bf5
35. Bd8 Ke8 36. Bxb6 Kd7 37. Bxa5 Kc8 38. Bb6 Kb7 39. a5 Bb1 40. Kc3 Be4 41. b4
cxb4+ 42. Kxb4 Bf5 43. c5 dxc5+ 44. Kxc5 Bd7 45. Kd6 Bb5 46. Ke7 Kc8 47. Kf8 Bc4
48. Kg7 Bxd5 49. Kxh7 Be4 50. Kg7 Kb7 51. Kf6 Ka6 {Game drawn by mutual
agreement} 1/2-1/2

[Event "Team 45 45 League T43"]
[Site "Internet Chess Club"]
[Date "2009.11.23"]
[Round "4"]
[White "islanderpfeifer"]
[Black "BishopMike"]
[Result "0-1"]
[WhiteElo "1561"]
[BlackElo "1516"]
[Opening "Queen's pawn: Yusupov-Rubinstein system"]
[ECO "A46"]
[Time "16:29:26"]
[TimeControl "2700+45"]

1. d4 Nf6 2. Nf3 e6 3. e3 c5 4. c3 d5 5. Bb5+ Nc6 6. Nbd2 Bd7 7. O-O a6 8. Bd3
c4 9. Bc2 g6 10. Re1 Bg7 11. Qe2 O-O 12. b3 b5 13. a4 cxb3 14. Bxb3 Qa5 15. Bb2
b4 16. cxb4 Nxb4 17. Ba3 Rab8 18. Ne5 Bxa4 19. Bxb4 Qxb4 20. Rxa4 Qc3 21. Rb1
Ne4 22. Nxe4 dxe4 23. Nd7 Rxb3 24. Rxb3 Qxb3 25. Qxa6 Qd1+ 26. Qf1 Qxa4 27. Nxf8
Bxf8 28. Qb1 Bb4 29. g3 f5 30. Kg2 Kg7 31. Qb2 Kh6 32. Qc1 Qa2 33. Qd1 Qa5 34.
Qb1 Be1 35. Kf1 Bc3 36. Kg2 Qa1 37. Qc2 Qb2 38. Qd1 Qa1 39. Qc2 Qe1 40. Qa2 Bd2
41. Qxe6 Qe2 42. Qa2 Qf3+ 43. Kf1 Bxe3 44. d5 Bc5 45. Qc2 e3 46. Qe2 Qh1# {White
checkmated} 0-1